 Dungeon Crawl Stone Soup version 0.21-a0-414-gba8bdf1 (webtiles) character file.

41 n0claF the Cudgeler (level 3, -1/33 HPs)
             Began as a Minotaur Berserker on Nov 2, 2017.
             Was a Believer of Trog.
             Slain by an iron imp (11 damage)
             ... summoned by Natasha
             ... on level 2 of the Dungeon.
             The game lasted 00:02:20 (1190 turns).

n0claF the Cudgeler (Minotaur Berserker)            Turns: 1190, Time: 00:02:22

Health: -1/33      AC:  2    Str: 21    XL:     3   Next: 32%
Magic:  2/2        EV: 12    Int:  4    God:    Trog [**....]
Gold:   62         SH:  0    Dex: 10    Spells: 2/2 levels left

rFire    . . .     SeeInvis .   a - +0 mace
rCold    . . .     Gourm    .   (no shield)
rNeg     . . .     Faith    .   b - +0 animal skin
rPois    .         Spirit   .   (helmet restricted)
rElec    .         Reflect  .   (no cloak)
rCorr    .         Harm     .   (no gloves)
MR       .....                  (no boots)
Stlth    +.........             (no amulet)
HPRegen  0.11/turn              (no ring)
MPRegen  0.08/turn              (no ring)

@: slowed, very slow
A: retaliatory headbutt, horns 2
a: Berserk, Trog's Hand, Burn Spellbooks, Renounce Religion


You were on level 2 of the Dungeon.
You worshipped Trog.
Trog was pleased with you.
You were hungry.

You visited 1 branch of the dungeon, and saw 2 of its levels.

You collected 62 gold pieces.

Inventory:

Hand Weapons
 a - a +0 mace (weapon)
Armour
 b - a +0 animal skin (worn)
Jewellery
 g - an uncursed ring of poison resistance {unknown}
Scrolls
 d - 4 scrolls of remove curse {unknown}
 f - 2 scrolls of teleportation {unknown}
Potions
 e - a potion of resistance {unknown}
 h - a potion of curing {unknown}
 i - a potion of degeneration {unknown}
 j - a potion of agility {unknown}
 k - a potion of flight {unknown}
Comestibles
 c - a bread ration


   Skills:
 + Level 4.2 Fighting
 + Level 4.4 Maces & Flails
 + Level 2.5 Armour
 + Level 2.7 Dodging


You had 2 spell levels left.
You didn't know any spells.

Dungeon Overview and Level Annotations

Branches:
Dungeon (2/15)

Altars:
Xom

Annotations:
D:2 Natasha


Innate Abilities, Weirdness & Mutations

You reflexively headbutt those who attack you in melee.
You have a pair of horns on your head.


Message History

You are too injured to fight recklessly!
You are too injured to fight recklessly!
You are too injured to fight recklessly!
You are too injured to fight recklessly!
You are too injured to fight recklessly!
You are too injured to fight recklessly!
You are too injured to fight recklessly!
You are too injured to fight recklessly!
You are too injured to fight recklessly!
You are too injured to fight recklessly!
You are too injured to fight recklessly!
You are too injured to fight recklessly!
You are too injured to fight recklessly!
You are too injured to fight recklessly!
You hit Natasha.
Natasha is moderately wounded.
Natasha barely misses you. The iron imp spits at you. The iron imp hits you.
Natasha claws you. The iron imp hits you!
You die...

#. #.
##.....##.######.
...#.......#††......
..#.......#..######
......_......#
.#......[#..#
#.......#..# #
##.....##..#
#..####.####..#
#5sh@5......)#
########.....#
######


You could see an iron imp, Natasha, a shadow imp and a giant cockroach.

Vanquished Creatures
  4 dart slugs (D:1)
  2 giant cockroaches (D:1)
  3 goblins
  8 hobgoblins
  3 kobolds (D:1)
  A ball python (D:1)
  4 bats (D:1)
  2 frilled lizards (D:1)
  3 rats
30 creatures vanquished.

Notes
Turn   | Place    | Note
-------+----------+-------------------------------------------
     0 | D:1      | n0claF the Minotaur Berserker began the quest for the Orb.
     0 | D:1      | Reached XP level 1. HP: 19/19 MP: 0/0
   110 | D:1      | Reached XP level 2. HP: 18/27 MP: 1/1
   638 | D:1      | Reached XP level 3. HP: 32/33 MP: 2/2
  1167 | D:2      | Found a shimmering altar of Xom.
  1174 | D:2      | Reached ** piety under Trog
  1183 | D:2      | Noticed Natasha
  1190 | D:2      | Slain by an iron imp

Vault maps used:
D:1:      sevenhm_arrival_forest_fort_large_2
D:2:      old_standard_altar, grunt_ministairs_7, uniq_natasha

Skill      XL: |  1  2 |
---------------+-------+-----
Maces & Flails | 4 |  4.4
Fighting       | 4 |  4.2
Armour         | |  2.5
Dodging        | |  2.7

Action                   || total
-------------------------++-------
Melee: Mace              ||    64
       Headbutt          ||    10
Armor: Animal skin       ||     8
Dodge: Dodged            ||    48

Table legend:
 A = Spawn XP
 B = Non-spawn XP
 C = Spawn XP percentage of total XP
 D = Spawn monster count
 E = Non-spawn monster count
 F = Spawn count percentage of total count
 G = Total turns spent on level
                    A         B        C        D         E        F      G
               +---------+---------+-------+---------+---------+-------+---------
         Total |       0 |      59 |   0.0 |       0 |      30 |   0.0 |  1190
               +---------+---------+-------+---------+---------+-------+---------
           D:1 |       0 |      52 |   0.0 |       0 |      25 |   0.0 |   957
           D:2 |       0 |       7 |   0.0 |       0 |       5 |   0.0 |   233
               +---------+---------+-------+---------+---------+-------+---------
